 Dungeon Crawl Stone Soup version 0.29-a0-187-ga23d9638d5 (webtiles) character file.

Game seed: 4005875971063385130

5005 tilp the Frost Mage (level 10, -11/48 HPs)
             Began as a Felid Ice Elementalist on Feb 21, 2022.
             Was a Priest of Vehumet.
             Killed from afar by a rime drake (22 damage)
             ... with a flash freeze
             ... on level 1 of the Lair of Beasts.
             The game lasted 00:25:37 (16827 turns).

tilp the Frost Mage (Felid Ice Elementalist)       Turns: 16827, Time: 00:25:37

Health: -11/48     AC: 10    Str:  4    XL:     10   Next: 29%
Magic:  1/18       EV: 22    Int: 21    God:    Vehumet [***...]
Gold:   669        SH:  0    Dex: 17    Spells: 3/19 levels left
                                        Lives:  0   Deaths: 3

rFire   . . .      SeeInvis +     - Unarmed
rCold   . . .      Faith    .   (shield unavailable)
rNeg    . . .      Spirit   .   (body armour unavailable)
rPois   .          Reflect  .   (helmet unavailable)
rElec   .          Harm     .   (cloak unavailable)
rCorr   .          Rampage  .   (gloves unavailable)
Will    +....                   (boots unavailable)
Stlth   ++++......              b - amulet of magic regeneration
HPRegen 0.16/turn               (no ring)
MPRegen 0.56/turn               (no ring)

@: ice-armoured, freezing walls, studying 3 skills, quick
A: very small, claws 1, fangs 3, see invisible, speed 1, shaggy fur 2, stealthy
paws, no weapons or thrown items, no armour, multi-lived
a: Renounce Religion


You were on level 1 of the Lair of Beasts.
You worshipped Vehumet.
Vehumet was most pleased with you.
You visited 3 branches of the dungeon, and saw 12 of its levels.
You also visited: Sewer.

You collected 669 gold pieces.

Inventory:

Jewellery
 b - an amulet of magic regeneration (around neck)
 d - a ring of flight
Wands
 i - a wand of mindburst (13)
 k - a wand of acid (5)
 o - a wand of paralysis (3)
Scrolls
 h - 4 scrolls of teleportation
 l - 2 scrolls of blinking
Potions
 a - 3 potions of magic
 c - 4 potions of might
 e - 2 potions of ambrosia
 f - 4 potions of curing
 g - a potion of brilliance
 j - 2 potions of mutation
 m - a potion of heal wounds
 n - a potion of haste
 q - a potion of cancellation
 r - 2 potions of lignification
Miscellaneous
 s - a phantom mirror (inert)


   Skills:
 - Level 8.0 Fighting
 - Level 8.0 Dodging
 - Level 8.0 Stealth
 - Level 6.0 Unarmed Combat
 - Level 5.0 Spellcasting
 + Level 5.4 Conjurations
 - Level 4.0 Translocations
 + Level 8.8 Ice Magic
 + Level 5.4 Earth Magic
 - Level 4.0 Evocations


You had 3 spell levels left.
You knew the following spells:

 Your Spells              Type           Power      Damage    Failure   Level
a - Freeze                Ice            100%       1d11      1%          1
b - Frozen Ramparts       Ice            84%        1d10      1%          3
c - Ozocubu's Armour      Ice            42%        N/A       1%          3
d - Hailstorm             Conj/Ice       35%        3d9       1%          4
e - Stone Arrow           Conj/Erth      56%        3d10      1%          3
f - Blink                 Tloc           44%        N/A       3%          2

Your spell library contained the following spells:

 Spells                   Type           Power      Damage    Failure   Level
 Poisonous Vapours        Pois/Air       10%        N/A       4%          2
 Sandblast                Erth           56%        2d13      1%          1
 Static Discharge         Conj/Air       16%        N/A       1%          2
 Passwall                 Tmut/Erth      13%        N/A       5%          2
 Lesser Beckoning         Tloc           22%        N/A       6%          3
 Tukima's Dance           Hex            5%         N/A       32%         3
 Sticky Flame             Conj/Fire      16%        2d4       10%         4
 Petrify                  Tmut/Erth      16%        N/A       34%         4
 Metabolic Englaciation   Hex/Ice        11%        N/A       45%         5
 Manifold Assault         Tloc           22%        N/A       50%         5
 Anguish                  Hex/Necr       2%         N/A       71%         4
 Dispel Undead            Necr           5%         3d7       71%         4
 Statue Form              Tmut/Erth      10%        N/A       99%         6
 Dragon Form              Tmut           2%         N/A       100%        7
 Enfeeble                 Hex            2%         N/A       100%        7
 Haunt                    Necr/Summ      2%         N/A       100%        7


Dungeon Overview and Level Annotations

Branches:
Dungeon (10/15)            Temple (1/1) D:6            Lair (1/6) D:9
  Sewer (visited)
    Orc: D:9-12

Altars:
Ashenzari
Cheibriados
Dithmenos
Elyvilon
Fedhas
Gozag
Hepliaklqana
Kikubaaqudgha
Makhleb
Nemelex Xobeh
Okawaru
Qazlal
Ru
Sif Muna
Trog
Uskayaw
Vehumet
Wu Jian
Xom
Yredelemnul
Zin
The Shining One

Annotations:
D:10 meliai!!


Innate Abilities, Weirdness & Mutations

You have sharp claws.
You have razor-sharp teeth.
You have supernaturally acute eyesight. (SInv)
You cover ground quickly. (Speed+)
You are covered in thick fur. (AC +2)
Your paws help you pounce on unaware monsters.
You are incapable of wielding weapons or throwing items.
You cannot wear armour.
You gain extra lives every three experience levels.


Message History

Aiming: Stone Arrow (safe; 1% risk of failure)
Press: ? - help, Shift-Dir - straight line, f/p - hell rat
Aim: a hell rat (severely wounded, 71% to hit)
The stone arrow misses the hell rat.
The stone arrow hits the hell rat!
The hell rat is heavily wounded.
The wall freezes the hell rat. x3
The hell rat bites you but does no damage.
A hell rat comes into view.
The wall freezes the hell rat.
You kill the hell rat!
Vehumet accepts your kill.
You feel your power returning.
Unknown command.
Casting: Stone Arrow (safe; 1% risk of failure)
Confirm with . or Enter, or press ? or * to list all spells.
Aiming: Stone Arrow (safe; 1% risk of failure)
Press: ? - help, Shift-Dir - straight line, f - hell rat
Aim: a hell rat (heavily wounded, 71% to hit)
The stone arrow hits the hell rat!
You kill the hell rat!
Vehumet accepts your kill.
The hell rat roars deafeningly!
The wall freezes the hell rat!
You kill the hell rat!
Vehumet accepts your kill.
You feel your power returning.
The rime drake resists.
The wall freezes the rime drake.
Your life force feels restored.
Casting: Stone Arrow (safe; 1% risk of failure)
Confirm with . or Enter, or press ? or * to list all spells.
Aiming: Stone Arrow (safe; 1% risk of failure)
Press: ? - help, Shift-Dir - straight line, f - rime drake
Aim: a rime drake (lightly wounded, 64% to hit)
The stone arrow hits the rime drake!!
The rime drake is severely wounded.
The ice encasing you melts away.
The rime drake resists.
The wall freezes the rime drake.
The rime drake breathes ice at you. The flash freeze hits you!!
You die...

#..... #...r
##..#. .
###.#.. #r#
.....# ..
#..k##.##..
#....†.....
#..@.....#
#.####....# #.#
.## #. #.#
#...# ##. #.#
P...# #.. ##.#
#...# #. #..#
#...##### #.
##.#
#...P#...#####.
## #.#
#.....>........


You could see a rime drake (catching breath) and a hell rat.

Vanquished Creatures
  A hydra (D:7)
  A two-headed ogre (D:7)
  2 death yaks (D:9)
  Pikel (D:5)
  A cyclops (D:7)
  An ugly thing (D:7)
  A gargoyle (D:7)
  2 trolls (D:7)
  A slime creature (D:7)
  3 shadows
  11 yaks
  A wraith (D:10)
  A wyvern (D:7)
  A basilisk (Lair:1)
  Menkaure (D:5)
  An acid dragon (D:10)
  2 water moccasins
  5 orc warriors
  3 black bears
  A sky beast (D:7)
  2 hornet zombies
  4 ogres
  7 centaurs
  2 lemures (D:5)
  A kobold brigand (D:8)
  5 bullfrogs
  2 gnoll sergeants
  5 scorpions
  A water moccasin zombie (D:6)
  A water moccasin skeleton (D:5)
  16 wights
  6 killer bees (D:8)
  2 centaur zombies (D:8)
  A jelly (D:5)
  4 orc priests
  Crazy Yiuf (D:5)
  A bullfrog zombie (D:6)
  4 hounds
  3 centaur skeletons (D:7)
  5 iguanas
  6 hell rats (Lair:1)
  9 orc wizards
  2 killer bee zombies
  A howler monkey zombie (D:6)
  A river rat (D:9)
  6 adders
  8 gnolls
  2 shadow imps
  An ufetubus (D:5)
  3 worms (D:3)
  2 dart slugs
  28 orcs
  5 endoplasms
  15 giant cockroaches
  6 goblins
  4 hobgoblins (D:3)
  5 jackals (D:1)
  7 kobolds
  12 quokkas
  9 ball pythons
  3 bats
  11 frilled lizards
  12 rats
272 creatures vanquished.

Vanquished Creatures (others)
  3 fungi (Lair:1)
  14 plants
17 creatures vanquished.

Grand Total: 289 creatures vanquished

Notes
Turn   | Place    | Note
-------+----------+-------------------------------------------
     0 | D:1      | tilp the Felid Ice Elementalist began the quest for the
                  | Orb.
     0 | D:1      | Reached XP level 1. HP: 7/7 MP: 4/4
   391 | D:1      | Reached XP level 2. HP: 11/11 MP: 6/6
  1033 | D:1      | Found a faded altar of an unknown god.
  1308 | D:1      | Reached XP level 3. HP: 14/14 MP: 1/7
  1312 | D:1      | Learned a level 3 spell: Frozen Ramparts
  1737 | D:2      | Learned a level 3 spell: Ozocubu's Armour
  3013 | D:3      | Noticed a centaur
  3496 | D:3      | Noticed a black bear
  3514 | D:3      | Reached XP level 4. HP: 18/18 MP: 7/9
  3775 | D:3      | Killed a centaur
  3776 | D:3      | Reached skill level 5 in Ice Magic
  3776 | D:3      | Reached XP level 5. HP: 10/21 MP: 3/10
  4562 | D:3      | Killed a black bear
  4563 | D:3      | Gained mutation: You are covered in thick fur. (AC +2)
                  | [Felid growth]
  4563 | D:3      | Reached XP level 6. HP: 25/25 MP: 2/11
  4670 | D:3      | Reached skill level 1 in Unarmed Combat
  5005 | D:4      | Reached skill level 1 in Fighting
  6107 | D:4      | Learned a level 4 spell: Hailstorm
  6132 | D:5      | Entered Level 5 of the Dungeon
  6192 | D:5      | Reached XP level 7. HP: 30/30 MP: 4/12
  6233 | D:5      | Slain by a gnoll
  6234 | D:5      | Reached XP level 6. HP: 0/27 MP: 1/11
  6236 | D:5      | Noticed Menkaure
  6248 | D:5      | Killed Menkaure
  6272 | D:5      | Found a glowing drain.
  6299 | Sewer    | Entered a sewer
  6677 | Sewer    | Reached XP level 7. HP: 25/31 MP: 3/12
  7042 | D:5      | Reached skill level 5 in Stealth
  7306 | D:5      | Reached skill level 1 in Conjurations
  7764 | D:5      | Noticed Pikel
  7789 | D:5      | Killed Pikel
  7790 | D:5      | Reached XP level 8. HP: 9/36 MP: 1/15
  8151 | D:5      | Found a runed translucent door.
  8152 | D:5      | Noticed Crazy Yiuf
  8179 | D:5      | Identified the +6 whip of the Sage {vorpal, Fly Str+2}
  9062 | D:6      | Learned a level 3 spell: Stone Arrow
  9327 | D:6      | Found a staircase to the Ecumenical Temple.
  9435 | Temple   | Entered the Ecumenical Temple
  9722 | Temple   | Became a worshipper of Vehumet
  9790 | D:6      | Reached skill level 1 in Earth Magic
  9790 | D:6      | Reached XP level 9. HP: 20/39 MP: 9/16
 10484 | D:7      | Reached skill level 5 in Spellcasting
 11137 | D:7      | Found a burning altar of Makhleb.
 11207 | D:5      | Reached skill level 1 in Evocations
 11332 | D:5      | Killed Crazy Yiuf
 11332 | D:5      | Reached * piety under Vehumet
 11332 | D:5      | Offered knowledge of Magic Dart by Vehumet.
 11336 | D:5      | Identified the +5 mace of the Leaping Sybil {antimagic,
                  | rN+}
 12137 | D:8      | Reached skill level 5 in Fighting
 12140 | D:8      | Reached skill level 5 in Dodging
 12143 | D:8      | Reached XP level 10. HP: 42/44 MP: 8/18
 12593 | D:9      | Reached skill level 5 in Unarmed Combat
 12751 | D:9      | Reached ** piety under Vehumet
 12751 | D:9      | Offered knowledge of Shock by Vehumet.
 12894 | D:9      | Noticed a death yak
 12988 | D:9      | Noticed a death yak
 12988 | D:9      | Noticed a death yak
 13355 | D:9      | Found a staircase to the Lair.
 13455 | D:10     | Entered Level 10 of the Dungeon
 13661 | D:10     | Learned a level 2 spell: Blink
 14178 | D:10     | Slain by a meliai
 14179 | D:10     | Reached XP level 9. HP: -2/42 MP: 13/17
 14776 | D:7      | Found a runed translucent door.
 14778 | D:7      | Noticed a brown ugly thing
 14778 | D:7      | Noticed a seven-headed hydra
 14779 | D:7      | Noticed a two-headed ogre
 14801 | D:7      | Killed a brown ugly thing
 14802 | D:7      | Reached XP level 10. HP: 30/47 MP: 6/18
 15189 | D:7      | Killed a two-headed ogre
 15479 | D:7      | Killed a seven-headed hydra
 15480 | D:7      | Reached skill level 1 in Translocations
 15667 | D:7      | Noticed a cyclops
 15667 | D:7      | Noticed a gargoyle
 15759 | D:7      | HP: 1/48 [gargoyle/stone arrow (10)]
 15761 | D:7      | Killed a gargoyle
 16242 | D:7      | Killed a cyclops
 16274 | D:7      | Got the Handbook of Shifting Evil Rituals
 16466 | D:9      | Killed a death yak
 16474 | D:9      | Killed a death yak
 16475 | D:9      | Reached skill level 5 in Conjurations
 16475 | D:9      | Reached skill level 5 in Earth Magic
 16475 | D:9      | Reached XP level 11. HP: 17/51 MP: 2/19
 16477 | D:9      | Slain by a death yak
 16478 | D:9      | Reached XP level 10. HP: -1/48 MP: 3/18
 16598 | D:9      | Offered knowledge of Poisonous Vapours by Vehumet.
 16613 | Lair:1   | Entered Level 1 of the Lair of Beasts
 16614 | Lair:1   | Upgraded the game from 0.29-a0-121-g8efb068a30 to
                  | 0.29-a0-187-ga23d9638d5
 16821 | Lair:1   | Reached *** piety under Vehumet
 16827 | Lair:1   | Killed from afar by a rime drake

Illustrated notes

Levels and vault maps discovered:
D:1:      saegor_arrival_simple_c, layout_basic,
          shapermc_ecumenical_altar_mp_ritualfount
D:2:      layout_basic
D:3:      minmay_door_path, layout_basic, hangedman_abyss_or_decor_lesser_grid,
          guppyfry_early_lair_pool
D:4:      layout_rooms
D:5:      layout_basic, portal_sewer_entry_f, chequers_serial_rivers_room_b,
          nicolae_figureground_pulse, uniq_menkaure, uniq_crazy_yiuf_cottage,
          uniq_pikel
D:6:      layout_cave_pools, minmay_temple_entry_crystal_x
D:7:      minmay_the_grid_triangle_9x9_rhombus_full
          [minmay_the_grid_triangle_9x9_intruding_spiral,
          minmay_the_grid_triangle_9x9_windchime,
          minmay_the_grid_triangle_9x9_sprig,
          minmay_the_grid_triangle_9x9_negative_grid,
          minmay_the_grid_triangle_9x9_odd_lines,
          minmay_the_grid_triangle_9x9_wacky_v,
          minmay_the_grid_triangle_9x9_subtriangle,
          minmay_the_grid_triangle_9x9_prize_top_heavy], layout_rooms,
          kennysheep_mini, minmay_manual_macuahuitl
D:8:      layout_basic, kennysheep_generic_room_6
D:9:      layout_roguey, dpeg_lair_monsters
D:10:     layout_gridville
Temple:   roderic_octagonal_lattice_temple
Lair:1:   layout_chaotic_city, basic_altar, roderic_batcave,
          infiniplex_staircase_pool

Skill      XL: |  1  2  3  4  5  6  7  8  9 10 |
---------------+-------------------------------+-----
Ice Magic      | 4 5 6 7 8 |  8.8
Spellcasting   | 3 4 5 |  5.0
Unarmed Combat | 3 4 6 5 |  6.0
Fighting       | 3 4 7 8 |  8.0
Dodging        | 4 7 8 |  8.0
Stealth        | 3 6 7 8 |  8.0
Conjurations   | 2 3 4 5 |  5.4
Earth Magic    | 1 4 5 |  5.4
Evocations     | 2 4 |  4.0
Translocations | 4 |  4.0

Action                   |  1- 3 |  4- 6 |  7- 9 | 10-12 || total
-------------------------+-------+-------+-------+-------++-------
Melee: Unarmed           |    17 |    39 |   113 |    53 ||   222
       Bite              |       |     1 |    18 |     7 ||    26
       Punch             |       |       |       |     2 ||     2
 Cast: Freeze            |    48 |    45 |    44 |     3 ||   140
       Frozen Ramparts   |     5 |    25 |    33 |    20 ||    83
       Ozocubu's Armour  |       |     9 |    39 |    25 ||    73
       Hailstorm         |       |       |    14 |     3 ||    17
       Stone Arrow       |       |       |    39 |    93 ||   132
Evoke: Wand              |       |       |     3 |     6 ||     9
       Phantom mirror    |       |       |       |     1 ||     1
  Use: Scroll            |     2 |     4 |    14 |     5 ||    25
       Potion            |       |     1 |       |       ||     1
 Stab: Sleeping          |     6 |    10 |    10 |     6 ||    32
       Distracted        |       |       |       |     1 ||     1
Armor: Skin              |     1 |     9 |    37 |    17 ||    64
Dodge: Dodged            |    36 |    57 |   141 |    75 ||   309

Table legend: (Time is in decaauts)
 A = Elapsed time spent in this place.
 B = Non-inter-level travel time spent in this place.
 C = Inter-level travel time spent in this place.
 D = Time resting spent in this place.
 E = Time spent auto-exploring this place.
 F = Levels seen in this place.
 G = Mean time per level.
                   A        B        C        D        E       F      G
               +--------+--------+--------+--------+--------+-----+--------+
         Total |  15235 |  14246 |    989 |   4457 |   7655 |  13 | 1171.9 |
       Dungeon |  14080 |  13123 |    957 |   4392 |   6850 |  10 | 1408.0 |
        Temple |    245 |    213 |     32 |      0 |    194 |   1 |  245.0 |
          Lair |    192 |    192 |      0 |      0 |    144 |   1 |  192.0 |
         Sewer |    717 |    717 |      0 |     65 |    466 |   1 |  717.0 |
               +--------+--------+--------+--------+--------+-----+--------+

Top non-repeatable levels by time:
     D:7: 2669 daAuts
     D:1: 1577 daAuts
     D:3: 1540 daAuts
     D:5: 1476 daAuts
     D:4: 1447 daAuts
     D:2: 1422 daAuts
     D:6: 1169 daAuts
     D:9: 1037 daAuts
     D:8: 990 daAuts
    D:10: 750 daAuts
   Sewer: 717 daAuts
  Temple: 245 daAuts
  Lair:1: 192 daAuts
